 Dungeon Crawl Stone Soup version 0.18-a0-1577-gf591c28 (webtiles) character file.

19 Duffy the Slasher (level 2, 11/24 HPs)
             Began as a Demonspawn Berserker on Mar 20, 2016.
             Was a Follower of Trog.
             Quit the game on level 1 of the Dungeon.
             The game lasted 00:00:31 (713 turns).

Duffy the Slasher (Demonspawn Berserker)             Turns: 713, Time: 00:00:31

Health: 11/24      AC:  2    Str: 17    XL:     2   Next: 55%
Magic:  2/2        EV: 14    Int:  8    God:    Trog [*.....]
Gold:   20         SH:  0    Dex: 12    Spells: 0 memorised, 1 level left

rFire  . . .     SeeInvis .     a - +0 falchion
rCold  . . .     Gourm    .     b - +0 animal skin
rNeg   . . .     Faith    .     (no shield)
rPois  .         Spirit   .     (no helmet)
rElec  .         Dismiss  .     (no cloak)
rCorr  .         Reflect  .     (no gloves)
SustAt .         Harm     .     (no boots)
MR     .....                    (no amulet)
Stlth  ..........               (no ring)
                                f - ring of loudness (curse)

@: not resistant to hostile enchantments, extremely unstealthy
A: repulsion field 1
a: Berserk, Burn Spellbooks, Renounce Religion


You were on level 1 of the Dungeon.
You worshipped Trog.
Trog was aware of your devotion.
You were not hungry.

You visited 1 branch of the dungeon, and saw 1 of its levels.

You collected 20 gold pieces.


Innate Abilities, Weirdness & Mutations

You are surrounded by a mild repulsion field (EV +2).


   Skills:
 - Level 3.0 Fighting
 + Level 3.5 Long Blades
 - Level 1.7 Armour
 - Level 1.7 Dodging


You had one spell level left.
You didn't know any spells.

Inventory:

Hand Weapons
 a - a +0 falchion (weapon)
Armour
 b - a +0 animal skin (worn)
Jewellery
 f - a cursed ring of loudness (left hand)
Potions
 d - a potion of cancellation {unknown}
 e - a potion of curing {unknown}
Comestibles
 c - a bread ration

Dungeon Overview and Level Annotations

Branches:
Dungeon (1/15)

Altars:


Message History

No target in view!
You now have 20 gold pieces (gained 5).
Things that are here:
a dagger; 4 stones; a kobold corpse A giant gecko comes into view.
A giant gecko is nearby!
A giant gecko is nearby!
A giant gecko is nearby!
The giant gecko bites you. The giant gecko misses you.
You miss the giant gecko. The giant gecko closely misses you.
You barely miss the giant gecko. The giant gecko barely misses you.
You hit the giant gecko but do no damage.
The giant gecko misses you. The giant gecko barely misses you.
You hit the giant gecko but do no damage.
The giant gecko bites you.
You hit the giant gecko but do no damage.
The giant gecko misses you. The giant gecko closely misses you.
You closely miss the giant gecko. The giant gecko bites you.
You hit the giant gecko but do no damage.
The giant gecko misses you.
You hit the giant gecko but do no damage.
The giant gecko barely misses you. x2
You hit the giant gecko.
The giant gecko is lightly wounded.
The giant gecko bites you.
You hit the giant gecko.
The giant gecko is heavily wounded.
The giant gecko bites you.
You barely miss the giant gecko.
The giant gecko is heavily wounded.
The giant gecko bites you. x2
You are too injured to fight recklessly!
You are too injured to fight recklessly!
You are too injured to fight recklessly!
Are you sure you want to abandon this character and quit the game? (Confirm with "yes".)

#.#.#.#(#.##..#.#
#.##.#.#.#
#.#..#..#.##(....
.......#.#
#.##...##.###.#.#
#.##.#.#.# #..##.##..#
#.#.. ..........
##......... ...
##.####### #.# #..# #.#
#.## #l#
#####.##########@####.#
#.......................
#############.##########
#.# #.# ###


You could see a giant gecko.

Action                   || total
-------------------------++-------
Melee: Falchion          ||    64

Notes
Turn   | Place    | Note
--------------------------------------------------------------
     0 | D:1      | Duffy the Demonspawn Berserker began the quest for the Orb.
     0 | D:1      | Reached XP level 1. HP: 18/18 MP: 1/1
   198 | D:1      | Reached skill level 3 in Long Blades
   281 | D:1      | Gained mutation: You are surrounded by a mild repulsion field (EV +2). [demonic ancestry]
   281 | D:1      | Reached XP level 2. HP: 21/24 MP: 2/2
   713 | D:1      | Quit the game

Vault maps used:
D:1:      sevenhm_arrival_forest_fort_large_2, minmay_box_of_dots

Vanquished Creatures
  2 dart slugs
  A giant gecko
  A giant cockroach
  A hobgoblin
  5 kobolds
  2 bats
  2 giant newts
  2 rats
16 creatures vanquished.
